AoeStats
← hadibaaayım

Coastal Forest

510297976Analyzed
2v2 RM · 2d ago on Sep 30, 2026· 34m 15s· 4 players
Game mode
Random Map
Map size
Medium (4 player)
Population
200
Speed
Normal
Resources
Standard
Victory
Conquest
Starting age
Dark Age
Ending age
Imperial Age
RankedLock teamsTeams togetherTeam positionsShared explorationLock speedFull tech treeHidden civsTurbo modeCheats
Victory
Defeat
🇩🇰 Romans · Denmark
1198
+14
🇬🇷 Varangians · Greece
1198
+14
🇹🇷 Franks · Türkiye
1166
-14
🇧🇪 Franks · Belgium
1151
-14
hadibaaayım
1:44 Loom
10:40 Feudal Age
20:52 Forging
21:32 Double-Bit Axe
26:11 Fishing Lines
28:32 Padded Archer Armor
28:23 Fletching
34:02 Castle Age
hakki
10:57 Feudal Age
11:27 Double-Bit Axe
17:14 Castle Age
16:23 Gold Mining
19:28 Wheelbarrow
19:30 Husbandry
22:52 Forging
23:36 Scale Barding Armor
26:34 Loom
26:35 Town Watch
27:58 Stone Mining
LeCuzz DeMarr
6:28 Loom
9:23 Feudal Age
9:27 Man-at-Arms
12:57 Scale Mail Armor
14:00 Forging
15:00 Wheelbarrow
18:27 Town Watch
21:30 Castle Age
21:12 Horse Collar
21:39 Double-Bit Axe
21:36 Pikeman
23:07 Chain Mail Armor
28:11 Bow Saw
29:39 Hand Cart
29:18 Gold Mining
31:02 Ballistics
34:54 Imperial Age
33:02 Stone Mining
34:00 Heavy Plow
NomadX
2:19 Loom
7:05 Loom
9:26 Feudal Age
14:03 Double-Bit Axe
20:20 Castle Age
18:39 Horse Collar
19:54 Scale Mail Armor
20:05 Forging
23:20 Squires
26:49 Chain Mail Armor
28:08 Arson
31:14 Wheelbarrow
31:17 Iron Casting
30:30 Town Watch
Connection lost

Rejoining the realm…

Still unreachable

The connection could not be restored.

Session expired

The server has moved on; the page needs a fresh start.